 Dungeon Crawl Stone Soup version 0.24.0-29-g8ce449bc06 (webtiles) character file.

Game seed: 2509059134718186702, levelgen mode: deterministic

861 Flugslaktarn the Chopper (level 7, -1/66 HPs)
             Began as a Deep Dwarf Fighter on Nov 13, 2019.
             Slain by an ogre
             ... wielding a +0 giant spiked club
              (12 damage)
             ... on level 5 of the Dungeon.
             The game lasted 00:01:15 (1236 turns).

Flugslaktarn the Chopper (Deep Dwarf Fighter)       Turns: 1236, Time: 00:01:16

Health: -1/66      AC:  7    Str: 21    XL:     7   Next: 71%
Magic:  5/5        EV:  7    Int:  9    God:
Gold:   196        SH: 12    Dex: 12    Spells: 6/6 levels left

rFire    . . .     SeeInvis .   a - +0 war axe
rCold    . . .     Gourm    .   t - +2 shield
rNeg     . . .     Faith    .   b - +0 scale mail
rPois    .         Spirit   .   (no helmet)
rElec    .         Reflect  .   (no cloak)
rCorr    .         Harm     .   (no gloves)
MR       +....                  (no boots)
Stlth    ..........             (no amulet)
HPRegen  0.00/turn              (no ring)
MPRegen  0.09/turn              (no ring)

@: non-regenerating
A: damage resistance, heal wounds, sense surroundings 1, no regeneration
a: Heal Wounds


You were on level 5 of the Dungeon.
You were not hungry.

You visited 1 branch of the dungeon, and saw 5 of its levels.
You also visited: Sewer.

You collected 196 gold pieces.

Inventory:

Hand Weapons
 a - a +0 war axe (weapon)
Armour
 b - a +0 scale mail (worn)
 t - a +2 shield (worn)
   (You found it on level 4 of the Dungeon)
Wands
 p - a wand of iceblast (8)
   (You found it on level 4 of the Dungeon)
Scrolls
 f - a scroll of random uselessness {unknown}
 g - a scroll of immolation {unknown}
 h - a scroll of fear {unknown}
 j - 2 scrolls of identify {unknown}
 n - a scroll of noise {unknown}
 q - a scroll of teleportation {unknown}
 r - a scroll of enchant weapon {unknown}
Potions
 d - a potion of might
 i - 3 potions of heal wounds {unknown}
 k - 3 potions of flight {unknown}
 l - a potion of cancellation {unknown}
 m - a potion of curing {unknown}
 o - a potion of brilliance {unknown}
Comestibles
 e - 5 rations
 s - 3 chunks of flesh


   Skills:
 + Level 4.5 Fighting
 * Level 6.6 Axes
 + Level 5.4 Armour
 - Level 4.9 Shields


You had 6 spell levels left.
You didn't know any spells.
Your spell library was empty.

Dungeon Overview and Level Annotations

Branches:
Dungeon (5/15)              Sewer (visited)
 Temple: D:4-7

Altars:

Shops:
D:4 (


Innate Abilities, Weirdness & Mutations

You are resistant to damage.
You can heal yourself by infusing magical energy.
You passively map a small area around you.
You do not regenerate.


Message History

You block the gnoll's attack.
You are too injured to fight recklessly!
You are too injured to fight recklessly!
You are too injured to fight recklessly!
You are too injured to fight recklessly!
You are too injured to fight recklessly!
You feel much better. The ogre closely misses you.
You block the gnoll's attack. x2
You feel much better. You block the ogre's attack.
The ogre hits you with a +0 giant spiked club!
The gnoll completely misses you.
The ogre hits you with a +0 giant spiked club!!
Your shield and scale mail prevent you from hitting the ogre.
The ogre is severely wounded.
You hit the leopard gecko skeleton. You hit the ogre but do no damage.
You block the leopard gecko skeleton's attack.
The ogre hits you with a +0 giant spiked club!!
* * * LOW HITPOINT WARNING * * *
The ogre hits you with a +0 giant spiked club!
You die...

####'####...#.###
#................
#......##...#.###
####......##...#....
#..........<...#.#.#
######.##....#......#.#.#
.......*#.........รท.....#
.......##......##...#.###
......gO@......##...### #
##....gOZ..#...##...# #
#..................#
#....$............##*
#.................. ,
#.........<........ , ,
#.....####..... * *
,...... ..... , * ,


You could see 2 ogres, 2 gnolls and a leopard gecko skeleton.

Vanquished Creatures
  Grinder (D:4)
  A phantom (Sewer)
  An ogre (D:4)
  A centaur (D:4)
  A big kobold (Sewer)
  A wight (Sewer)
  An orc priest (D:4)
  7 big kobold zombies (Sewer)
  4 gnolls
  An adder (D:3)
  3 shadow imps (Sewer)
  4 ufetubi (Sewer)
  2 worms (D:4)
  2 leopard geckos
  5 orcs (D:4)
  A bat zombie (Sewer)
  3 giant cockroaches (D:4)
  2 goblins
  3 hobgoblins
  13 kobolds
  A quokka (D:3)
  3 ball pythons
  4 bats
  A kobold zombie (Sewer)
  3 rats (D:4)
69 creatures vanquished.

Notes
Turn   | Place    | Note
-------+----------+-------------------------------------------
     0 | D:1      | Flugslaktarn the Deep Dwarf Fighter began the quest for the
                  | Orb.
     0 | D:1      | Reached XP level 1. HP: 20/20 MP: 1/1
   152 | D:2      | Reached XP level 2. HP: 13/27 MP: 2/2
   162 | D:2      | Reached skill level 3 in Axes
   175 | D:2      | Reached XP level 3. HP: 22/34 MP: 3/3
   344 | D:4      | Found a glowing drain.
   358 | D:4      | Reached XP level 4. HP: 42/42 MP: 3/3
   376 | Sewer    | Entered a sewer
   489 | Sewer    | Reached skill level 4 in Axes
   489 | Sewer    | Reached XP level 5. HP: 25/49 MP: 4/4
   508 | Sewer    | Found an ancient bone altar of Kikubaaqudgha.
   566 | Sewer    | Reached XP level 6. HP: 27/57 MP: 5/5
   629 | Sewer    | Reached skill level 5 in Axes
   936 | D:4      | Found Qeixaitu's Antique Weapon Emporium.
  1062 | D:4      | Noticed Grinder
  1070 | D:4      | Reached XP level 7. HP: 36/64 MP: 5/5
  1074 | D:4      | Paralysed by Grinder for 5 turns
  1080 | D:4      | Killed Grinder
  1080 | D:4      | Reached skill level 6 in Axes
  1080 | D:4      | Reached skill level 5 in Armour
  1181 | D:5      | Entered Level 5 of the Dungeon
  1236 | D:5      | Slain by an ogre

Levels and vault maps discovered:
D:1:      matt_arrival_los_fun, layout_basic, serial_corexii_hall,
          chequers_hall_statues_corner_a, chequers_hall_statues_corner_a,
          kennysheep_decorative_pillar, minmay_split_cup_large
D:2:      layout_basic, okawaru_ov_weapons_minmay, nicolae_ru_awakened_eye
D:3:      layout_basic, gammafunk_temple_overflow_claw, first_ration,
          trog_butcher_becter, uniq_jessica
D:4:      layout_rooms, serial_shops, shop_coins, portal_sewer_entry_a,
          uniq_grinder
D:5:      layout_basic, led_sif_book, uniq_ijyb

Skill      XL: |  1  2  3  4  5  6  7 |
---------------+----------------------+-----
Axes           | 3 4 5 6 |  6.6
Fighting       | 3 4 |  4.5
Shields        | 4 |  4.9
Armour         | 4 5 |  5.4

Action                   |  1- 3 |  4- 6 |  7- 9 || total
-------------------------+-------+-------+-------++-------
Melee: War axe           |    60 |   164 |    19 ||   243
 Abil: Heal Wounds       |     2 |     7 |     3 ||    12
  Eat: Chunk             |       |       |     2 ||     2
Armor: Scale mail        |    30 |   119 |     3 ||   152
Dodge: Dodged            |    21 |    96 |    10 ||   127
Block: Shield            |    41 |   141 |    18 ||   200
